 Dungeon Crawl Stone Soup version 0.28.0-43-g3370ac3207 (webtiles) character file.

Game seed: 4120769902874618342

64 safid the Skirmisher (level 4, -18/40 HPs)
             Began as a Hill Orc Fighter on Mar 28, 2022.
             Demolished by an ogre
             ... wielding a +0 giant club
              (29 damage)
             ... on level 2 of the Dungeon.
             The game lasted 00:02:13 (2012 turns).

safid the Skirmisher (Hill Orc Fighter)             Turns: 2012, Time: 00:02:13

Health: -18/40     AC:  7    Str: 20    XL:     4   Next: 12%
Magic:  4/4        EV:  9    Int:  8    God:
Gold:   61         SH:  4    Dex: 10    Spells: 3/3 levels left

rFire   . . .      SeeInvis .   a - +0 war axe
rCold   . . .      Faith    .   c - +0 buckler
rNeg    . . .      Spirit   .   b - +0 scale mail
rPois   .          Reflect  .   (no helmet)
rElec   .          Harm     .   (no cloak)
rCorr   .          Rampage  .   (no gloves)
Will    .....                   (no boots)
Stlth   ..........              (no amulet)
HPRegen 0.13/turn               (no ring)
MPRegen 0.09/turn               (no ring)

@: mighty
A: no striking features
a: no special abilities


You were on level 2 of the Dungeon.
You visited 1 branch of the dungeon, and saw 2 of its levels.

You collected 61 gold pieces.

Inventory:

Hand Weapons
 a - a +0 war axe (weapon)
Armour
 b - a +0 scale mail (worn)
 c - a +0 buckler (worn)
Jewellery
 i - an amulet of faith
 m - a ring of flight
Scrolls
 e - 2 scrolls of magic mapping {unknown}
 g - a scroll of identify {unknown}
 h - a scroll of teleportation {unknown}
 j - a scroll of silence {unknown}
 k - a scroll of fog {unknown}
Potions
 f - a potion of lignification {unknown}
 l - 2 potions of haste {unknown}
 n - a potion of resistance {unknown}


   Skills:
 - Level 4.0 Fighting
 + Level 3.9 Axes
 - Level 4.0 Armour
 - Level 4.0 Shields


You had 3 spell levels left.
You didn't know any spells.
Your spell library was empty.

Dungeon Overview and Level Annotations

Branches:
Dungeon (2/15)

Altars:

Shops:
D:1 (


Message History

The worm is heavily wounded.
The worm bites you but does no damage.
You hit the worm.
The worm is severely wounded.
The worm closely misses you.
You completely miss the worm.
The worm is severely wounded.
The worm closely misses you.
You slash the worm!
You kill the worm!
Training target 4.0 for Armour reached!
Your Armour skill increases to level 4!
No target in view!
No target in view!
No target in view!
No target in view!
No target in view!
No target in view!
No target in view!
No target in view!
No target in view!
No target in view!
You see here a worm corpse.
An ogre is nearby!
You feel very mighty all of a sudden.
You slash the ogre!
The ogre is moderately wounded.
The ogre hits you with a +0 giant club!
You slash the ogre!
The ogre is severely wounded.
The ogre hits you with a +0 giant club!!
* * * LOW HITPOINT WARNING * * *
You barely miss the ogre.
The ogre is severely wounded.
The ogre barely misses you.
You barely miss the ogre.
The ogre is severely wounded.
The ogre hits you with a +0 giant club!!
Ouch! That really hurt!
You die...

..##.####.######
........<........... .
..#...........##...##.##
..#...........##........ #+++#
..#...........##...#...# #...#
..#...........##.......# #...#
.......###.........#...# #...#
................O.....## #...#
................@....... #...#
##.#.#.###..###....##..# #...#
##.#.#.# #†#..# #...#
##...#.###..###.###########.#####
..............#..'.......##.##...
.................'..........†....
##...............'.......##.##...
.................##########.#####
##..##.#....#.#.#..##.# #...# #.


You could see an ogre.

Vanquished Creatures
  2 adders
  A worm (D:2)
  A dart slug (D:1)
  4 bats
  4 endoplasms
  A giant cockroach (D:1)
  5 goblins (D:1)
  2 hobgoblins (D:2)
  3 jackals (D:2)
  3 kobolds
  3 quokkas
  3 ball pythons (D:1)
  3 frilled lizards (D:1)
  4 rats (D:1)
39 creatures vanquished.

Notes
Turn   | Place    | Note
-------+----------+-------------------------------------------
     0 | D:1      | safid the Hill Orc Fighter began the quest for the Orb.
     0 | D:1      | Reached XP level 1. HP: 19/19 MP: 1/1
    87 | D:1      | Reached XP level 2. HP: 27/27 MP: 2/2
   127 | D:1      | Found Nesal Usug's Weapon Emporium.
   527 | D:1      | Reached XP level 3. HP: 33/33 MP: 3/3
  1313 | D:2      | Noticed an ogre
  1802 | D:2      | Reached XP level 4. HP: 17/40 MP: 4/4
  2012 | D:2      | Demolished by an ogre

Illustrated notes

Levels and vault maps discovered:
D:1:      dpeg_arrival_subterranean_lakeside_camping, layout_basic,
          serial_shops, nicolae_shop_bloodbath_and_beyond
D:2:      layout_basic, basic_ecumenical_altar, kennysheep_cross_bottleneck

Skill      XL: |  1  2  3  4 |
---------------+-------------+-----
Axes           | 3 |  3.9
Fighting       | 4 |  4.0
Shields        | 4 |  4.0
Armour         | 4 |  4.0

Action                   |  1- 3 |  4- 6 || total
-------------------------+-------+-------++-------
Melee: War axe           |    96 |    10 ||   106
  Use: Potion            |     1 |     1 ||     2
Armor: Scale mail        |    46 |     2 ||    48
Dodge: Dodged            |    48 |     4 ||    52
Block: Buckler           |    27 |       ||    27
